 Dungeon Crawl Stone Soup version 0.28.0-53-g5a82cb258f (webtiles) character file.

Game seed: 4267905974637776932

249 cbfl8 the Skirmisher (level 5, 0/48 HPs)
             Began as a Minotaur Berserker on July 26, 2022.
             Was a Priest of Trog.
             Slain by an orc wizard
             ... wielding a +0 dagger
              (2 damage)
             ... on level 3 of the Dungeon.
             The game lasted 00:03:15 (2630 turns).

cbfl8 the Skirmisher (Minotaur Berserker)           Turns: 2630, Time: 00:03:15

Health: 0/48       AC:  7    Str: 22    XL:     5   Next: 87%
Magic:  4/4        EV: 10    Int:  4    God:    Trog [***...]
Gold:   116        SH:  0    Dex: 11    Spells: 4/4 levels left

rFire   . . .      SeeInvis .   a - +0 hand axe
rCold   . . .      Faith    .   (no shield)
rNeg    . . .      Spirit   .   p - +0 scale mail
rPois   .          Reflect  .   (helmet restricted)
rElec   .          Harm     .   (no cloak)
rCorr   +          Rampage  .   o - +0 pair of gloves
Will    .....                   (no boots)
Stlth   ..........              (no amulet)
HPRegen 0.16/turn               f - ring of resist corrosion
MPRegen 0.09/turn               (no ring)

@: confused, on berserk cooldown, slowed, very slow
A: horns 2, retaliatory headbutt
a: Renounce Religion, Berserk, Trog's Hand


You were on level 3 of the Dungeon.
You worshipped Trog.
Trog was most pleased with you.
You visited 1 branch of the dungeon, and saw 3 of its levels.

You collected 116 gold pieces.

Inventory:

Hand Weapons
 a - a +0 hand axe (weapon)
Armour
 b - a +0 animal skin
 i - a +0 leather armour
 o - a +0 pair of gloves (worn)
 p - a +0 scale mail (worn)
Jewellery
 f - a ring of resist corrosion (left hand)
Wands
 j - a wand of polymorph (8)
Scrolls
 c - a scroll of vulnerability {unknown}
 d - a scroll of immolation {unknown}
 e - a scroll of enchant armour {unknown}
 l - a scroll of enchant weapon {unknown}
 n - a scroll of identify {unknown}
 r - a scroll of fog {unknown}
 t - a scroll of fear {unknown}
 u - a scroll of teleportation {unknown}
Potions
 g - a potion of brilliance {unknown}
 h - a potion of curing {unknown}
 k - a potion of might {unknown}
 m - a potion of mutation {unknown}
 q - a potion of lignification {unknown}
 s - a potion of magic {unknown}


   Skills:
 * Level 5.3 Fighting
 + Level 5.3 Axes
 + Level 2.9 Armour
 * Level 3.1 Dodging
 * Level 1.4 Stealth
 * Level 1.1 Evocations


You had 4 spell levels left.
You didn't know any spells.
Your spell library was empty.

Dungeon Overview and Level Annotations

Branches:
Dungeon (3/15)

Altars:
Xom

Shops:
D:2 :([([   D:3 [


Innate Abilities, Weirdness & Mutations

You have a pair of horns on your head.
You reflexively headbutt those who attack you in melee.


Message History

You hear some strange, mumbled words.
A puff of flame appears from out of thin air!
The puff of flame hits you!
You miss something. Your headbutt misses something.
You bump into the rock wall.
Something hits you but does no damage.
You feel a strong urge to attack something.
You miss something. Your headbutt misses something.
You're too confused to move!
Something hits you but does no damage.
You bump into the rock wall.
You feel a strong urge to attack something.
You are no longer berserk.
You are exhausted.
You feel yourself slow down. Something hits you but does no damage.
You bump into the rock wall.
You feel less confused. Something hits you but does no damage.
You barely miss something. Something hits you but does no damage.
You hear some strange, mumbled words.
A magic dart appears from out of thin air!
The magic dart hits you.
* * * LOW HITPOINT WARNING * * *
You closely miss something. Something hits you but does no damage.
You miss something.
You hear some strange, mumbled words.
You are confused.
You hear some strange, mumbled words.
A puff of flame appears from out of thin air!
The puff of flame hits you!
* * * LOW HITPOINT WARNING * * *
You bump into the rock wall.
You hear some strange, mumbled words.
Something tries to affect you, but you resist.
Unknown command.
You bump into the rock wall.
Something hits you.
* * * LOW HITPOINT WARNING * * *
Something hits you.
* * * LOW HITPOINT WARNING * * *
Unknown command.
You bump into the rock wall.
Something hits you.
You die...

...###.#####.#........#
...'.........#........#
...####.##............#
..## #.##†##.........#
### #†#...#.#########
.# #.#.###.# ##
#.......#
###.###########.# #.#
#..@{oJ..# ####.#
#.#####.....
#....####.# ... ##
#....'....# . .#
#....###### .# #....#
.# #....# .# #....###.#
.# #.)......#


You could see an orc and an endoplasm.

Vanquished Creatures
  Terence (D:2)
  Natasha (thrice) (D:2)
  An orc wizard (D:3)
  Robin (D:2)
  3 adders (D:3)
  A worm (D:2)
  A dart slug (D:2)
  4 orcs (D:3)
  3 ball pythons
  7 bats
  5 endoplasms
  A giant cockroach (D:1)
  18 goblins
  9 hobgoblins
  3 jackals (D:3)
  2 kobolds (D:1)
  3 quokkas (D:1)
  2 frilled lizards (D:1)
  5 rats
73 creatures vanquished.

Notes
Turn   | Place    | Note
-------+----------+-------------------------------------------
     0 | D:1      | cbfl8 the Minotaur Berserker began the quest for the Orb.
     0 | D:1      | Reached XP level 1. HP: 19/19 MP: 0/0
   181 | D:1      | Reached XP level 2. HP: 21/27 MP: 1/1
   634 | D:1      | Found a faded altar of an unknown god.
  1356 | D:2      | Found Busyixot's Antique Armour Shoppe.
  1358 | D:2      | Noticed Robin
  1361 | D:2      | Reached XP level 3. HP: 30/33 MP: 2/2
  1369 | D:2      | Reached ** piety under Trog
  1375 | D:2      | Killed Robin
  1556 | D:2      | Found Ohacu's Weapon Boutique.
  1564 | D:2      | Noticed Natasha
  1566 | D:2      | Found Kaxomu's Book Boutique.
  1570 | D:2      | Killed Natasha
  1571 | D:2      | Reached XP level 4. HP: 27/41 MP: 3/3
  1849 | D:2      | Noticed Terence
  1856 | D:2      | Killed Terence
  1857 | D:2      | Reached skill level 5 in Fighting
  1965 | D:2      | Found Xuneneg's Antique Weapon Boutique.
  1998 | D:2      | Found Yceig's Antique Armour Emporium.
  2003 | D:2      | Noticed Natasha
  2009 | D:2      | Killed Natasha
  2010 | D:2      | Reached XP level 5. HP: 41/48 MP: 4/4
  2092 | D:2      | Noticed Natasha
  2099 | D:2      | Killed Natasha
  2100 | D:2      | Reached skill level 5 in Axes
  2234 | D:3      | Found a shimmering altar of Xom.
  2243 | D:3      | Reached skill level 1 in Stealth
  2304 | D:3      | Found Owkoq's Antique Armour Shop.
  2589 | D:3      | Reached skill level 1 in Evocations
  2596 | D:3      | Reached *** piety under Trog
  2629 | D:3      | HP: 2/48 [something (1)]
  2630 | D:3      | Slain by an orc wizard

Illustrated notes

Levels and vault maps discovered:
D:1:      minmay_arrival_checkered_box, layout_basic, basic_ecumenical_altar
D:2:      layout_basic, serial_glass, glass_columns_c, glass_columns_b,
          minmay_strange_pillars, due_unseen_surprise, serial_shops,
          nicolae_shop_bloodbath_and_beyond, shop, shop, shop,
          nicolae_shop_crystal, uniq_terence, uniq_natasha, uniq_robin
D:3:      layout_basic, mainiacjoe_overflow_alcove_2,
          mainiacjoe_overflow_cross_hatched, serial_shops, shop

Skill      XL: |  1  2  3  4  5 |
---------------+----------------+-----
Fighting       | 4 5 |  5.3
Axes           | 4 5 |  5.3
Dodging        | 3 |  3.1
Stealth        | 1 |  1.4
Evocations     | 1 |  1.1
Armour         | |  2.9

Action                   |  1- 3 |  4- 6 || total
-------------------------+-------+-------++-------
Melee: Hand axe          |    70 |   116 ||   186
       Headbutt          |     7 |    10 ||    17
       Punch             |       |     1 ||     1
Invok: Berserk           |     1 |     1 ||     2
Armor: Animal skin       |     7 |       ||     7
       Leather armour    |     6 |     7 ||    13
       Scale mail        |       |    43 ||    43
Dodge: Dodged            |    41 |    47 ||    88
